TOP OF THE 1ST |
New York Mets batting - Pitching for Atlanta Braves : RHP Brandon McCarthy
|
Pitching: RHP Brandon McCarthy
|
|
Batting: SHB Ian Happ
|
0-0: Called Strike 0-1: Ball 1-1: TRIPLE (Line Drive, 78XD)
|
Batting: RHB Starlin Castro
|
0-0: Called Strike 0-1: Fly out, F5 (Popup, 5S)
|
Batting: LHB Eddie Rosario
|
0-0: Ball 1-0: Swinging Strike 1-1: Fly out, F8 (Line Drive, 8LD) Runner from 3rd tags up, SCORES, no throw
|
Batting: LHB Travis Shaw
|
0-0: Foul Ball, location: 2F 0-1: Ball 1-1: Ball 2-1: Foul Ball, location: 2F 2-2: Fly out, F4 (Line Drive, 4)
|
Top of the 1st over - 1 run, 1 hit, 0 errors, 0 left on base; New York 1 - Atlanta 0 |
BOTTOM OF THE 1ST |
Atlanta Braves batting - Pitching for New York Mets : RHP Luke Weaver
|
Pitching: RHP Luke Weaver
|
|
Batting: LHB Mallex Smith
|
0-0: Called Strike 0-1: Called Strike 0-2: Ball 1-2: Foul Ball, location: 2F 1-2: Foul Ball, location: 2F 1-2: Ball 2-2: Foul Ball, location: 2F 2-2: Foul Ball, location: 2F 2-2: Ball 3-2: Base on Balls
|
Batting: RHB Domingo Santana
|
0-0: Called Strike 0-1: Foul Ball, location: 2F 0-2: Strikes out looking
|
Batting: RHB Miguel Sano
|
0-0: Swinging Strike 0-1: Ball 1-1: Foul Ball, location: 2F 1-2: Foul Ball, location: 2F 1-2: Ball 2-2: Strikes out swinging
|
Batting: LHB Greg Bird
|
0-0: Ball 1-0: Called Strike 1-1: Ball 2-1: Swinging Strike 2-2: Strikes out swinging
|
Bottom of the 1st over - 0 runs, 0 hits, 0 errors, 1 left on base; New York 1 - Atlanta 0 |
TOP OF THE 2ND |
New York Mets batting - Pitching for Atlanta Braves : RHP Brandon McCarthy
|
Batting: LHB Scott Schebler
|
0-0: Fly out, F8 (Line Drive, 8RD)
|
Batting: LHB Mitch Moreland
|
0-0: Foul Ball, location: 2F 0-1: Ball 1-1: SINGLE (Line Drive, 3D)
|
Batting: RHB Salvador Perez
|
0-0: Called Strike 0-1: Ball 1-1: Called Strike 1-2: Strikes out swinging
|
Batting: RHB Nick Ahmed
|
0-0: Called Strike 0-1: Foul Ball, location: 2F 0-2: Strikes out swinging
|
Top of the 2nd over - 0 runs, 1 hit, 0 errors, 1 left on base; New York 1 - Atlanta 0 |
BOTTOM OF THE 2ND |
Atlanta Braves batting - Pitching for New York Mets : RHP Luke Weaver
|
Batting: RHB Hunter Renfroe
|
0-0: Called Strike 0-1: Ball 1-1: Swinging Strike 1-2: Ground out 6-3 (Groundball, 6)
|
Batting: RHB Kurt Suzuki
|
0-0: Ball 1-0: Fly out, F7 (Flyball, 7)
|
Batting: SHB Leury Garcia
|
0-0: Ground out 6-3 (Groundball, 6)
|
Bottom of the 2nd over - 0 runs, 0 hits, 0 errors, 0 left on base; New York 1 - Atlanta 0 |
TOP OF THE 3RD |
New York Mets batting - Pitching for Atlanta Braves : RHP Brandon McCarthy
|
Batting: RHB Luke Weaver
|
0-0: Ball 1-0: Called Strike 1-1: Swinging Strike 1-2: Strikes out swinging
|
Batting: SHB Ian Happ
|
0-0: Foul Ball, location: 2F 0-1: Ball 1-1: Fly out, F5 (Popup, 5F)
|
Batting: RHB Starlin Castro
|
0-0: Ground out 6-3 (Groundball, 6)
|
Top of the 3rd over - 0 runs, 0 hits, 0 errors, 0 left on base; New York 1 - Atlanta 0 |
BOTTOM OF THE 3RD |
Atlanta Braves batting - Pitching for New York Mets : RHP Luke Weaver
|
Batting: RHB Pat Valaika
|
0-0: Ball 1-0: Ball 2-0: Swinging Strike 2-1: Ball 3-1: Swinging Strike 3-2: Fly out, F8 (Flyball, 78S)
|
Batting: RHB Brandon McCarthy
|
0-0: Called Strike 0-1: Ball 1-1: Ball 2-1: Foul Ball, location: 2F 2-2: Foul Ball, location: 2F 2-2: DOUBLE (Line Drive, 89D)
|
Batting: LHB Mallex Smith
|
0-0: Ball 1-0: Called Strike 1-1: Ball 2-1: Ground out 5-3 (Groundball, 56S)
|
Batting: RHB Domingo Santana
|
0-0: Ball 1-0: Called Strike 1-1: Foul Ball, location: 2F 1-2: Foul Ball, location: 2F 1-2: Ball 2-2: Ball Wild Pitch! Brandon McCarthy to third 3-2: Foul Ball, location: 2F 3-2: SINGLE (Line Drive, 78M) Brandon McCarthy scores
|
Batting: RHB Miguel Sano
|
0-0: Ball 1-0: Called Strike 1-1: Fielders Choice at 2nd, U6 (Groundball, 6M)
|
Bottom of the 3rd over - 1 run, 2 hits, 0 errors, 1 left on base; New York 1 - Atlanta 1 |
TOP OF THE 4TH |
New York Mets batting - Pitching for Atlanta Braves : RHP Brandon McCarthy
|
Batting: LHB Eddie Rosario
|
0-0: Ball 1-0: Fly out, F7 (Flyball, 7)
|
Batting: LHB Travis Shaw
|
0-0: Ball 1-0: Called Strike 1-1: Foul Ball, location: 2F 1-2: Ball 2-2: Foul Ball, location: 2F 2-2: Fly out, F7 (Line Drive, 7D)
|
Batting: LHB Scott Schebler
|
0-0: Swinging Strike 0-1: Ball 1-1: Ball 2-1: Swinging Strike 2-2: Foul Ball, location: 2F 2-2: SINGLE (Flyball, 9S)
|
Batting: LHB Mitch Moreland
|
0-0: Reached on error, E6 (Flyball, 4MD) Scott Schebler to second
|
Batting: RHB Salvador Perez
|
0-0: Ball 1-0: Ball 2-0: Called Strike 2-1: Fly out, F7 (Flyball, 7LS)
|
Top of the 4th over - 0 runs, 1 hit, 1 error, 2 left on base; New York 1 - Atlanta 1 |
BOTTOM OF THE 4TH |
Atlanta Braves batting - Pitching for New York Mets : RHP Luke Weaver
|
Batting: LHB Greg Bird
|
0-0: Swinging Strike 0-1: Ball 1-1: Ball 2-1: Called Strike 2-2: Ball 3-2: Fly out, F8 (Line Drive, 8RD)
|
Batting: RHB Hunter Renfroe
|
0-0: Ball 1-0: Ball 2-0: Foul Ball, location: 2F 2-1: Fly out, F7 (Line Drive, 7D)
|
Batting: RHB Kurt Suzuki
|
0-0: DOUBLE (Flyball, 8LXD) - OUT at third base trying to stretch hit.
|
Bottom of the 4th over - 0 runs, 1 hit, 0 errors, 0 left on base; New York 1 - Atlanta 1 |
TOP OF THE 5TH |
New York Mets batting - Pitching for Atlanta Braves : RHP Brandon McCarthy
|
Batting: RHB Nick Ahmed
|
0-0: SINGLE (Line Drive, 56)
|
Batting: RHB Luke Weaver
|
0-0: Sac Bunt - play at second, runner safe!
|
Batting: SHB Ian Happ
|
0-0: Ball 1-0: Ball 2-0: Ball 3-0: Base on Balls Nick Ahmed to third Luke Weaver to second
|
Batting: RHB Starlin Castro
|
0-0: Swinging Strike 0-1: Grounds into double play, 5-2-3 (Groundball, 56S) Luke Weaver to third Ian Happ to second
|
Batting: LHB Eddie Rosario
|
0-0: Ball 1-0: Ball 2-0: Ball 3-0: Called Strike 3-1: Swinging Strike 3-2: 3-RUN HOME RUN (Flyball, 9D), Distance : 351 ft
|
Batting: LHB Travis Shaw
|
0-0: Called Strike 0-1: Ground out 1-3 (Groundball, 23)
|
Top of the 5th over - 3 runs, 2 hits, 0 errors, 0 left on base; New York 4 - Atlanta 1 |
BOTTOM OF THE 5TH |
Atlanta Braves batting - Pitching for New York Mets : RHP Luke Weaver
|
Batting: SHB Leury Garcia
|
0-0: Ball 1-0: Called Strike 1-1: Fly out, F8 (Flyball, 78M)
|
Batting: RHB Pat Valaika
|
0-0: Ball 1-0: Fly out, F8 (Flyball, 8LXD)
|
Pinch Hitting: RHB Jose Iglesias
|
0-0: Ground out 6-3 (Groundball, 6)
|
Bottom of the 5th over - 0 runs, 0 hits, 0 errors, 0 left on base; New York 4 - Atlanta 1 |
TOP OF THE 6TH |
New York Mets batting - Pitching for Atlanta Braves : RHP Brandon McCarthy
|
Pitching: RHP Michael Lorenzen
|
|
Batting: LHB Scott Schebler
|
0-0: Ball 1-0: Foul Ball, location: 2F 1-1: Called Strike 1-2: Strikes out swinging, 2-3 out at first.
|
Batting: LHB Mitch Moreland
|
0-0: SINGLE (Line Drive, 8RS)
|
Batting: RHB Salvador Perez
|
0-0: Ball 1-0: Called Strike 1-1: Called Strike 1-2: Foul Ball, location: 2F 1-2: Fly out, F8 (Flyball, 89D)
|
Batting: RHB Nick Ahmed
|
0-0: Called Strike 0-1: Fly out, F8 (Flyball, 8LS)
|
Top of the 6th over - 0 runs, 1 hit, 0 errors, 1 left on base; New York 4 - Atlanta 1 |
BOTTOM OF THE 6TH |
Atlanta Braves batting - Pitching for New York Mets : RHP Luke Weaver
|
Batting: LHB Mallex Smith
|
0-0: Foul Ball, location: 2F 0-1: Ground out 4-3 (Groundball, 34D)
|
Batting: RHB Domingo Santana
|
0-0: Ball 1-0: Called Strike 1-1: Foul Ball, location: 2F 1-2: Fly out, F7 (Flyball, 7)
|
Batting: RHB Miguel Sano
|
0-0: Ball 1-0: Foul Ball, location: 2F 1-1: Ball 2-1: Ball 3-1: Swinging Strike 3-2: Strikes out swinging
|
Bottom of the 6th over - 0 runs, 0 hits, 0 errors, 0 left on base; New York 4 - Atlanta 1 |
TOP OF THE 7TH |
New York Mets batting - Pitching for Atlanta Braves : RHP Michael Lorenzen
|
Pinch Hitting: SHB Jonathan Villar
|
0-0: Swinging Strike 0-1: Foul Ball, location: 2F 0-2: Ball 1-2: Strikes out swinging
|
Batting: SHB Ian Happ
|
0-0: Called Strike 0-1: Ground out 6-3 (Groundball, 6S)
|
Batting: RHB Starlin Castro
|
0-0: Swinging Strike 0-1: Ball 1-1: Ball 2-1: Ball 3-1: Called Strike 3-2: Strikes out swinging
|
Top of the 7th over - 0 runs, 0 hits, 0 errors, 0 left on base; New York 4 - Atlanta 1 |
BOTTOM OF THE 7TH |
Atlanta Braves batting - Pitching for New York Mets : RHP Luke Weaver
|
Pitching: RHP Steve Cishek
|
|
Batting: LHB Greg Bird
|
0-0: Called Strike 0-1: Ground out 2-3 (Groundball, 13S)
|
Batting: RHB Hunter Renfroe
|
0-0: Ball 1-0: Fly out, F7 (Flyball, 7S)
|
Batting: RHB Kurt Suzuki
|
0-0: Ball 1-0: Ball 2-0: SINGLE (Line Drive, 7LS)
|
Batting: SHB Leury Garcia
|
0-0: Ball 1-0: Ball Pickoff Throw to First - Out!
|
Bottom of the 7th over - 0 runs, 1 hit, 0 errors, 0 left on base; New York 4 - Atlanta 1 |
TOP OF THE 8TH |
New York Mets batting - Pitching for Atlanta Braves : RHP Michael Lorenzen
|
Pitching: LHP Brian Johnson
|
|
Batting: LHB Eddie Rosario
|
0-0: Swinging Strike 0-1: Ball 1-1: Ball 2-1: Foul Ball, location: 2F 2-2: Foul Ball, location: 2F 2-2: Foul Ball, location: 2F 2-2: Foul Ball, location: 2F 2-2: Strikes out swinging
|
Batting: LHB Travis Shaw
|
0-0: SINGLE (Flyball, 9S)
|
Batting: LHB Scott Schebler
|
0-0: Called Strike 0-1: Ball 1-1: Ball 2-1: Foul Ball, location: 2F 2-2: Ball 3-2: SINGLE (Flyball, 78S) Travis Shaw to second Travis Shaw to third
|
Batting: LHB Mitch Moreland
|
0-0: Called Strike 0-1: Swinging Strike 0-2: Ball 1-2: Strikes out swinging
|
Batting: RHB Salvador Perez
|
0-0: DOUBLE (Groundball, 5L) Travis Shaw scores Scott Schebler to third Runner from 3rd tries for Home, SAFE, throw made home
|
Batting: RHB Nick Ahmed
|
0-0: Ball 1-0: Called Strike 1-1: SINGLE (Groundball, 6MD) Salvador Perez to third Runner from 3rd tries for Home, SAFE, no throw
|
Pinch Hitting: LHB Gerardo Parra
|
0-0: Ball 1-0: Foul Ball, location: 2F 1-1: Fly out, F3 (Line Drive, 3)
|
Top of the 8th over - 3 runs, 4 hits, 0 errors, 1 left on base; New York 7 - Atlanta 1 |
BOTTOM OF THE 8TH |
Atlanta Braves batting - Pitching for New York Mets : RHP Steve Cishek
|
Pitching: LHP Mike Montgomery
|
|
Batting: SHB Leury Garcia
|
0-0: Called Strike 0-1: Ball 1-1: Ground out 5-3 (Groundball, 5L)
|
Batting: RHB Pat Valaika
|
0-0: Ball 1-0: Ground out 6-3 (Groundball, 6)
|
Pinch Hitting: RHB Jorge Alfaro
|
0-0: DOUBLE (Flyball, 78D)
|
Batting: LHB Mallex Smith
|
0-0: Ball 1-0: Foul Ball, location: 2F 1-1: Foul Ball, location: 2F 1-2: Foul Ball, location: 2F 1-2: Ball 2-2: Ground out 6-3 (Groundball, 6M)
|
Bottom of the 8th over - 0 runs, 1 hit, 0 errors, 1 left on base; New York 7 - Atlanta 1 |
TOP OF THE 9TH |
New York Mets batting - Pitching for Atlanta Braves : LHP Brian Johnson
|
Pitching: RHP James Shields
|
|
Batting: SHB Ian Happ
|
0-0: Ball 1-0: Swinging Strike 1-1: Ball 2-1: Foul Ball, location: 2F 2-2: Foul Ball, location: 2F 2-2: Foul Ball, location: 2F 2-2: Ground out 6-3 (Groundball, 6M)
|
Batting: RHB Starlin Castro
|
0-0: Called Strike 0-1: Called Strike 0-2: Ball 1-2: Strikes out swinging
|
Batting: LHB Eddie Rosario
|
0-0: DOUBLE (Line Drive, 89XD)
|
Batting: LHB Travis Shaw
|
0-0: Called Strike 0-1: Fly out, F9 (Flyball, 9S)
|
Top of the 9th over - 0 runs, 1 hit, 0 errors, 1 left on base; New York 7 - Atlanta 1 |
BOTTOM OF THE 9TH |
Atlanta Braves batting - Pitching for New York Mets : LHP Mike Montgomery
|
Batting: RHB Domingo Santana
|
0-0: Called Strike 0-1: Ball 1-1: Ball 2-1: Called Strike 2-2: Foul Ball, location: 2F 2-2: Foul Ball, location: 2F 2-2: Ball 3-2: Base on Balls
|
Batting: RHB Miguel Sano
|
0-0: Called Strike 0-1: Ball 1-1: Foul Ball, location: 2F 1-2: Ball 2-2: Fly out, F7 (Flyball, 78S)
|
Batting: LHB Greg Bird
|
0-0: Fly out, F7 (Flyball, 7S)
|
Batting: RHB Hunter Renfroe
|
0-0: Called Strike 0-1: Ball 1-1: Foul Ball, location: 2F 1-2: Ground out 1-3 (Groundball, 13)
|
Bottom of the 9th over - 0 runs, 0 hits, 0 errors, 1 left on base; New York 7 - Atlanta 1 |
|